 Dungeon Crawl Stone Soup version 0.21-a0-95-g06f091e (webtiles) character file.

41250 Ordine the Covert (level 13, 0/75 HPs)
             Began as a Deep Elf Wizard on July 4, 2017.
             Was a High Priest of Vehumet.
             Splashed by an acid blob's acid (6 damage)
             ... on level 5 of the Lair of Beasts.
             The game lasted 01:46:48 (21954 turns).

Ordine the Covert (Deep Elf Wizard)                Turns: 21954, Time: 01:46:50

Health: 0/75       AC:  4    Str:  4    XL:     13   Next: 79%
Magic:  23/28      EV: 18    Int: 29    God:    Vehumet [*****.]
Gold:   1030       SH:  0    Dex: 13    Spells: 9/30 levels left

rFire    . . .     SeeInvis .   a - +2 dagger (venom)
rCold    . . .     Gourm    .   (no shield)
rNeg     . . .     Faith    .   u - +2 robe {MR+}
rPois    .         Spirit   .   k - +0 helmet
rElec    .         Reflect  .   (no cloak)
rCorr    +         Harm     .   T - +1 pair of gloves
MR       ++...                  S - +0 pair of boots
Stlth    ++++......             e - amulet of magic regeneration
HPRegen  0.22/turn              n - ring of resist corrosion
MPRegen  0.46/turn              s - ring of wizardry

@: corroded
A: no striking features
a: Renounce Religion


You were on level 5 of the Lair of Beasts.
You worshipped Vehumet.
Vehumet was extremely pleased with you.
You were not hungry.

You visited 3 branches of the dungeon, and saw 18 of its levels.
You also visited: Ossuary.

You collected 1030 gold pieces.

Inventory:

Hand Weapons
 a - a +2 dagger of venom (weapon)
Armour
 k - a +0 helmet (worn)
 u - a +2 robe of magic resistance (worn)
 S - a +0 pair of boots (worn)
 T - a +1 pair of gloves (worn)
Jewellery
 e - an amulet of magic regeneration (around neck)
 n - a ring of resist corrosion (left hand)
 s - a ring of wizardry (right hand)
Wands
 m - a wand of digging (6/24)
Scrolls
 b - 2 scrolls of identify
 i - 6 scrolls of teleportation
 j - 6 scrolls of magic mapping
 r - 10 scrolls of remove curse
 v - a scroll of torment
 w - 4 scrolls of amnesia
 y - 4 scrolls of enchant armour
 C - a scroll of fog
 E - 4 scrolls of fear
 F - 3 scrolls of blinking
 K - a scroll of enchant weapon
 M - a scroll of immolation
 P - 2 scrolls of holy word
Potions
 g - 4 potions of might
 h - 6 potions of curing
 l - a potion of mutation
 p - 3 potions of agility
 q - 6 potions of brilliance
 x - a potion of resistance
 A - a potion of flight
 B - a potion of berserk rage
 D - 5 potions of lignification
Books
 c - a book of Minor Magic

   Spells                             Type                      Level
   a - Magic Dart                     Conjuration                  1
   b - Blink                          Translocation                2
   c - Call Imp                       Summoning                    2
   d - Slow                           Hexes                        2
   e - Conjure Flame                  Conjuration/Fire             3
   f - Mephitic Cloud                 Conjuration/Poison/Air       3
 H - a book of Dreams

   Spells                             Type                      Level
   a - Ensorcelled Hibernation        Hexes/Ice                    2
   b - Silence                        Hexes/Air                    5
   c - Darkness                       Hexes                        6
   d - Shadow Creatures               Summoning                    6
 V - a book of the Tempests

   Spells                             Type                      Level
   a - Static Discharge               Conjuration/Air              3
   b - Lightning Bolt                 Conjuration/Air              5
   c - Ignition                       Fire                         8
   d - Tornado                        Air                          9
   e - Shatter                        Earth                        9
Miscellaneous
 W - a lamp of fire
Comestibles
 d - 14 bread rations
 f - 9 chunks of flesh
 o - 8 meat rations
 t - 50 fruits
 z - 6 royal jellies


   Skills:
 + Level 6.5 Fighting
 - Level 8.0 Short Blades
 - Level 4.0 Armour
 - Level 10.0 Dodging
 - Level 10.0 Stealth
 + Level 9.3 Spellcasting
 - Level 10.0 Conjurations
   Level 3.0 Hexes
   Level 1.1 Summonings
 - Level 6.0 Translocations
 * Level 8.0 Fire Magic
 * Level 7.2 Air Magic
 - Level 3.0 Poison Magic
 - Level 8.0 Evocations


You had 9 spell levels left.
You knew the following spells:

 Your Spells              Type           Power        Failure   Level  Hunger
a - Force Lance           Conj/Tloc      ######..     1%          4    None
b - Lightning Bolt        Conj/Air       ######....   1%          5    ####...
c - Conjure Flame         Conj/Fire      ######..     1%          3    None
d - Mephitic Cloud        Conj/Pois/Air  ######..     1%          3    None
e - Sticky Flame          Conj/Fire      ######..     1%          4    None
f - Blink                 Tloc           N/A          1%          2    None


Dungeon Overview and Level Annotations

Branches:
Dungeon (11/15)            Temple (1/1) D:5            Lair (6/6) D:11
  Swamp (0/4) Lair:2       Spider (0/4) Lair:4        Slime (0/5) Lair:5
    Orc: D:9-12

Altars:
Ashenzari
Cheibriados
Dithmenos
Elyvilon
Fedhas
Gozag
Hepliaklqana
Kikubaaqudgha
Makhleb
Nemelex Xobeh
Okawaru
Qazlal
Ru
Sif Muna
Trog
Uskayaw
Vehumet
Wu Jian
Xom
Yredelemnul
Zin
The Shining One
Jiyva

Shops:
D:9 (*   D:10 [

Annotations:
D:9 cyclop, tengu and elfs in vault
D:11 2 transporters


Message History

The sticky flame hits the acid blob.
The acid blob is lightly wounded.
The acid blob quivers.
The acid blob is covered in liquid flames!
The acid blob burns!
The acid blob hits you!
You are splashed with acid!
The acid burns!
You resist. The acid blob hits you!!
* * * LOW HITPOINT WARNING * * *
You are splashed with acid!
The acid burns!
You resist.
* * * LOW HITPOINT WARNING * * *
Unknown command.
Unknown command.
Unknown command.
Casting: Sticky Flame
Confirm with . or Enter, or press ? or * to list all spells.
You blink.
The acid blob burns!
The acid blob spits acid at you. The splash of acid hits you! You resist.
* * * LOW HITPOINT WARNING * * *
The acid corrodes you!
You are splashed with acid!
The acid burns!
You resist.
You die...

.♣♣....P#####....................
.....P...#........#...P..........
...................#.............
.................................
.................J§..............
.................................
.............................#...
#.................>÷......####...
###.P...........@.......#..###...
.####.#................##.###....
.# ###..P...........#######.#...
.# #............P#.# ##.... ##
#####........#### ##... #
##.......## #... #.........# #...
##.[......# #... #..†....## ##..


You could see an acid blob (burning).

Vanquished Creatures
  The ghost of MirrMurr the Severer, a journeyman HOFi of Makhleb (Lair:3)
  Josephine (Lair:4)
  Snorg (D:11)
  Erolcha (D:9)
  4 hydras
  Erica (D:9)
  4 two-headed ogres
  Urug (Lair:4)
  An unseen horror (D:6)
  An ugly thing (D:11)
  5 oklob plants
  A cyclops (D:11)
  2 black mambas
  Maurice (D:9)
  10 spiny frogs
  A gargoyle (D:11)
  A rime drake (Lair:3)
  2 komodo dragons
  3 trolls
  10 blink frogs
  10 hippogriffs
  3 wyverns
  A human (D:8)
  35 yaks
  6 wraiths
  2 basilisks
  3 hogs (D:8)
  Menkaure (D:6)
  3 hungry ghosts
  5 insubstantial wisps (Lair:2)
  12 water moccasins
  10 porcupines
  4 ice beasts
  3 sky beasts
  2 black bears
  3 orc warriors
  An eye of draining (D:8)
  A necrophage (D:9)
  7 ogres
  2 centaurs
  35 wolves
  14 crocodiles
  A big kobold (D:8)
  14 bullfrogs
  A wyvern skeleton (D:7)
  4 scorpions
  11 killer bees
  A water moccasin skeleton (D:6)
  4 wights (D:9)
  A jelly (D:7)
  A howler monkey (D:8)
  4 crimson imps
  A bullfrog zombie (D:5)
  A centaur zombie (D:8)
  2 quasits
  2 human zombies (Ossuary)
  2 gnoll shamans
  An orc priest (D:7)
  3 hounds
  2 centaur skeletons
  5 iguanas
  8 orc wizards
  Ijyb (D:3)
  Terence (D:3)
  Natasha (thrice) (D:3)
  8 worker ants
  2 hound zombies
  A hound skeleton (D:4)
  3 mummies (Ossuary)
  A worker ant zombie (D:6)
  14 adders
  7 gnolls
  7 shadow imps
  An ooze (D:3)
  3 adder zombies
  An adder skeleton (D:4)
  5 worms
  4 dart slugs
  6 leopard geckos
  42 orcs
  A ball python (D:4)
  11 bats
  7 giant cockroaches
  7 goblins
  7 hobgoblins
  9 jackals
  7 quokkas
  4 frilled lizards
  5 goblin zombies (Ossuary)
  2 hobgoblin zombies (Ossuary)
  2 jackal skeletons
  13 kobolds
  A kobold zombie (Ossuary)
  A leopard gecko skeleton (D:5)
  2 orc zombies (Ossuary)
  3 quokka skeletons
  6 rats
  A butterfly (Lair:1)
483 creatures vanquished.

Vanquished Creatures (others)
  An adder (D:3)
  6 fungi
  A plant (Lair:5)
8 creatures vanquished.

Grand Total: 491 creatures vanquished

Notes
Turn   | Place    | Note
-------+----------+-------------------------------------------
     0 | D:1      | Ordine the Deep Elf Wizard began the quest for the Orb.
     0 | D:1      | Reached XP level 1. HP: 10/10 MP: 7/7
   224 | D:1      | Reached XP level 2. HP: 15/15 MP: 5/9
   237 | D:1      | Learned a level 2 spell: Blink
   815 | D:2      | Reached XP level 3. HP: 19/19 MP: 6/11
   820 | D:2      | Learned a level 3 spell: Conjure Flame
   824 | D:2      | Learned a level 3 spell: Mephitic Cloud
  1379 | D:2      | Reached skill level 1 in Poison Magic
  1494 | D:2      | Reached XP level 4. HP: 24/24 MP: 10/12
  1771 | D:3      | Noticed Natasha
  1782 | D:3      | Killed Natasha
  1998 | D:3      | Noticed Ijyb
  2010 | D:3      | Killed Ijyb
  2010 | D:3      | Reached skill level 5 in Spellcasting
  2010 | D:3      | Reached skill level 1 in Fire Magic
  2010 | D:3      | Reached XP level 5. HP: 21/28 MP: 4/14
  2037 | D:3      | Found a stormy altar of Qazlal.
  2061 | D:3      | Noticed Terence
  2282 | D:3      | Noticed Natasha
  2287 | D:3      | Killed Natasha
  2287 | D:3      | Reached skill level 1 in Air Magic
  2360 | D:3      | Killed Terence
  2606 | D:3      | Noticed Natasha
  2612 | D:3      | Killed Natasha
  2721 | D:3      | Found a radiant altar of Vehumet.
  2725 | D:3      | Became a worshipper of Vehumet
  2761 | D:3      | Found a basalt altar of Yredelemnul.
  2767 | D:3      | Reached XP level 6. HP: 31/32 MP: 12/15
  3932 | D:4      | Reached XP level 7. HP: 31/36 MP: 5/16
  3983 | D:4      | Found a glowing golden altar of the Shining One.
  4094 | D:5      | Entered Level 5 of the Dungeon
  4182 | D:5      | Reached * piety under Vehumet
  4182 | D:5      | Offered knowledge of Freeze by Vehumet.
  4289 | D:5      | Found a shattered altar of Ashenzari.
  4333 | D:5      | Reached skill level 5 in Conjurations
  4700 | D:5      | Reached skill level 5 in Stealth
  4724 | D:5      | Found a staircase to the Ecumenical Temple.
  4732 | Temple   | Entered the Ecumenical Temple
  5011 | D:6      | Found a snail-covered altar of Cheibriados.
  5174 | D:6      | Killed an unseen horror
  5174 | D:6      | Reached XP level 8. HP: 37/41 MP: 17/17
  5193 | D:6      | Found a blossoming altar of Fedhas.
  5209 | D:6      | Found a sand-covered staircase.
  5213 | Ossuary  | Entered an ossuary
  5790 | Ossuary  | Offered knowledge of Flame Tongue by Vehumet.
  5989 | D:6      | Reached ** piety under Vehumet
  5989 | D:6      | Reached skill level 1 in Fighting
  6036 | D:6      | Reached skill level 1 in Evocations
  6102 | D:6      | Reached skill level 1 in Armour
  6159 | D:6      | HP: 1/43 [gnoll/spear (4)]
  6494 | D:6      | Reached XP level 9. HP: 47/47 MP: 13/18
  6832 | D:7      | Noticed Menkaure
  6842 | D:6      | Killed Menkaure
  7026 | D:7      | Found an iron altar of Okawaru.
  7373 | D:7      | Offered knowledge of Dazzling Spray by Vehumet.
  7378 | D:7      | Learned a level 3 spell: Dazzling Spray
  7589 | D:7      | Reached skill level 1 in Hexes
  7845 | D:7      | Reached skill level 5 in Short Blades
  7859 | D:7      | Found a shimmering altar of Xom.
  7893 | D:7      | Reached *** piety under Vehumet
  8670 | D:8      | Noticed a two-headed ogre
  8680 | D:8      | Reached XP level 10. HP: 24/54 MP: 3/19
  8761 | D:8      | Offered knowledge of Force Lance by Vehumet.
  8949 | D:7      | Learned a level 4 spell: Force Lance
  9072 | D:8      | Killed a two-headed ogre
  9564 | D:8      | Reached skill level 5 in Dodging
  9996 | D:8      | Reached **** piety under Vehumet
 10341 | D:8      | Offered knowledge of Lee's Rapid Deconstruction by Vehumet.
 10505 | D:9      | Found Zin's Purification Station.
 10505 | D:9      | Found a glowing silver altar of Zin.
 10506 | D:9      | Noticed a two-headed ogre
 10518 | D:9      | Killed a two-headed ogre
 10683 | D:9      | Noticed a deep elf mage
 10690 | D:9      | Noticed a cyclops
 10692 | D:9      | Noticed a deep elf mage
 10699 | D:9      | Noticed Erica
 10706 | D:9      | Noticed Erolcha
 11007 | D:9      | Killed Erica
 11007 | D:9      | Reached XP level 11. HP: 44/60 MP: 3/22
 11199 | D:9      | Found Nadyse's Antique Weapon Boutique.
 11440 | D:9      | Killed Erolcha
 11737 | D:9      | Noticed Maurice
 11809 | D:9      | Killed Maurice
 12327 | D:9      | Found a basalt altar of Yredelemnul.
 12664 | D:10     | Entered Level 10 of the Dungeon
 12664 | D:10     | Found Sungicur's Armour Emporium.
 12675 | D:10     | Noticed a two-headed ogre
 12695 | D:10     | Killed a two-headed ogre
 12695 | D:10     | Reached skill level 5 in Translocations
 12695 | D:10     | Reached skill level 5 in Evocations
 12754 | D:10     | Reached ***** piety under Vehumet
 12754 | D:10     | Offered knowledge of Freezing Cloud by Vehumet.
 13684 | D:11     | Noticed Snorg
 13750 | D:11     | Killed Snorg
 13831 | D:11     | Found a staircase to the Lair.
 13846 | D:11     | Found a transporter.
 13862 | D:11     | Noticed an orc sorcerer
 13863 | D:11     | Noticed a deep elf knight
 13889 | D:11     | Found a transporter.
 14218 | D:11     | Noticed a white ugly thing
 14237 | D:11     | Killed a white ugly thing
 14237 | D:11     | Reached XP level 12. HP: 45/67 MP: 1/24
 14306 | D:11     | Noticed a two-headed ogre
 14316 | D:11     | Killed a two-headed ogre
 14530 | D:11     | Found a blossoming altar of Fedhas.
 14538 | D:11     | Reached skill level 10 in Stealth
 14813 | Lair:1   | Entered Level 1 of the Lair of Beasts
 14908 | Lair:1   | Reached skill level 5 in Fire Magic
 15065 | Lair:1   | Offered knowledge of Sticky Flame by Vehumet.
 15071 | Lair:1   | Learned a level 4 spell: Sticky Flame
 15122 | Lair:1   | Reached skill level 5 in Fighting
 15129 | Lair:1   | Reached skill level 5 in Air Magic
 16283 | Lair:2   | HP: 1/68 [acid (6)]
 16442 | Lair:2   | Found a staircase to the Swamp.
 17308 | Lair:3   | Noticed a seven-headed hydra
 17314 | Lair:3   | Killed a seven-headed hydra
 17370 | Lair:2   | Reached XP level 13. HP: 61/73 MP: 17/27
 17616 | Lair:3   | Noticed MirrMurr's ghost (journeyman HOFi)
 17701 | Lair:3   | Found an ornate altar of the Wu Jian Council.
 18001 | Lair:3   | Killed MirrMurr's ghost
 18326 | Lair:3   | Reached skill level 10 in Conjurations
 18486 | Lair:4   | Learned a level 5 spell: Lightning Bolt
 18602 | Lair:4   | Found a hole to the Spider Nest.
 18626 | Lair:4   | Offered knowledge of Irradiate by Vehumet.
 18929 | Lair:4   | Noticed Josephine
 19002 | Lair:4   | Noticed Urug
 19648 | Lair:4   | Killed Josephine
 20202 | Lair:4   | Killed Urug
 20676 | Lair:5   | Reached skill level 10 in Dodging
 20940 | Lair:5   | Found a viscous altar of Jiyva.
 20941 | Lair:5   | Found a staircase to the Slime Pits.
 21841 | Lair:6   | Entered Level 6 of the Lair of Beasts
 21950 | Lair:5   | Noticed an acid blob
 21954 | Lair:5   | Splashed by an acid blob's acid

Vault maps used:
D:1:      minmay_arrival_solitary_statue, st_stairs_13,
          hangedman_abyss_or_decor_stabs, minmay_tetromino_i2
D:3:      marbit_many_paths, yredelemnul_altar_generic, first_bread,
          grunt_qazlal_clouds, uniq_natasha, uniq_terence, uniq_ijyb
D:4:      glass_columns_b, tso_altar
D:5:      overflow_temple_1_default, minmay_temple_entry_overgrown,
          kennysheep_small_square
D:6:      kennysheep_slug_shrine, nicolae_ossuary_entry_plus, basic_altar,
          kennysheep_potato
D:7:      lemuel_crystal_altar, okawaru_gym_becter, uniq_menkaure
D:8:      roderic_greek_sauvastika, grunt_livestock, grunt_ministairs_6,
          minmay_joined_circles
D:9:      zin_purify, basic_altar, serial_shops, shop, minivault_12, uniq_erica,
          uniq_erolcha, uniq_maurice
D:10:     serial_shops, nicolae_shop_stone
D:11:     gammafunk_wand_slinger, lair_entry_dummy, dk_vineyard_2,
          hangedman_tree_tricks, uniq_snorg
Temple:   nicolae_temple_great_sept
Lair:1:   grunt_forest_large_clearings, lemuel_fruit_fields
Lair:2:   dpeg_oklob_gauntlet, minmay_swamp_entry_wisps, serial_bayou_shore_b
Lair:3:   basic_altar
Lair:4:   spider_nest_entry_web_field, serial_bayou_shore_b, uniq_josephine,
          uniq_urug
Lair:5:   dpeg_slime_entry_enclosed_altar, nicolae_lair_grove_arrangements
Lair:6:   minmay_lair_end_frog_pond, grunt_megastairs_3,
          minmay_lair_oklob_chamber
Ossuary:  ossuary_kennysheep_city_of_the_dead

Skill      XL: |  1  2  3  4  5  6  7  8  9 10 11 12 13 |
---------------+----------------------------------------+-----
Conjurations   | 2 3 4 6 7 8 9 10 | 10.0
Stealth        | 3 4 6 7 8 9 10 | 10.0
Poison Magic   | 1 2 3 |  3.0
Spellcasting   | 5 6 7 8 9 |  9.3
Translocations | 2 3 4 5 6 |  6.0
Fire Magic     | 1 2 3 4 6 8 |  8.0
Air Magic      | 1 2 3 4 5 7 |  7.2
Short Blades   | 3 4 5 7 8 |  8.0
Fighting       | 1 2 3 4 5 6 |  6.5
Dodging        | 3 4 5 7 8 10 | 10.0
Evocations     | 1 3 4 5 6 8 |  8.0
Armour         | 1 2 3 4 |  4.0
Hexes          | 3 |  3.0
Summonings     | |  1.1

Action                   |  1- 3 |  4- 6 |  7- 9 | 10-12 | 13-15 || total
-------------------------+-------+-------+-------+-------+-------++-------
Melee: Dagger            |    19 |       |     5 |    85 |    64 ||   173
 Cast: Magic Dart        |   112 |   192 |   530 |   589 |    34 ||  1457
       Conjure Flame     |       |     3 |    18 |    40 |     2 ||    63
       Blink             |       |     1 |     8 |    14 |     5 ||    28
       Mephitic Cloud    |       |     1 |    12 |    32 |     7 ||    52
       Force Lance       |       |       |       |   243 |   199 ||   442
       Dazzling Spray    |       |       |       |    10 |     2 ||    12
       Lightning Bolt    |       |       |       |       |     9 ||     9
       Sticky Flame      |       |       |       |       |     1 ||     1
Evoke: Wand              |       |       |       |     1 |       ||     1
  Use: Scroll            |     6 |     6 |     9 |    11 |     6 ||    38
       Potion            |       |     1 |     4 |     1 |     4 ||    10
 Stab: Confused          |       |       |       |     7 |       ||     7
       Sleeping          |       |       |       |       |     1 ||     1
  Eat: Chunk             |     2 |     7 |    12 |    33 |    13 ||    67
       Bread ration      |       |       |     1 |       |       ||     1
       Meat ration       |       |       |       |     1 |       ||     1
       Fruit             |       |       |       |       |     3 ||     3
Armor: Robe              |    15 |     4 |    42 |    27 |     9 ||    97
       Troll leather arm |       |       |       |    33 |     4 ||    37
Dodge: Dodged            |    36 |    30 |    94 |   156 |    92 ||   408
